 Dungeon Crawl Stone Soup version 0.16.0-5-g717f7e7 (console) character file.

17509 gw the Severer (level 12, -9/116 HPs)
             Began as a Deep Dwarf Berserker on Mar 14, 2015.
             Was a High Priest of Trog.
             Engulfed by a cloud of flame (15 damage)
             ... in a volcano.
             The game lasted 00:20:36 (10911 turns).

gw the Severer (Deep Dwarf Berserker)              Turns: 10911, Time: 00:20:36

Health: -9/116     AC: 28    Str: 21      XL:     12   Next: 19%
Magic:  5/5        EV:  8    Int:  9      God:    Trog [*****.]
Gold:   1123       SH:  0    Dex: 14 (16) Spells: 0 memorised, 11 levels left

rFire  . . .     SeeInvis .     a - +8 battleaxe of Exyumilo {chop, Stlth+}
rCold  . . .     Clarity  .     i - +0 plate armour
rNeg   . . .     SustAb   .     (no shield)
rPois  +         Gourm    .     l - +0 helmet
rElec  .         Spirit   .     o - +2 cloak {rPois}
rCorr  .         Warding  .     g - +1 pair of gloves
rMut   .         Stasis   .     e - +0 pair of boots
MR     +....                    (no amulet)
Stlth  ..........               (no ring)
                                (no ring)

@: non-regenerating, somewhat resistant to hostile enchantments, extremely
unstealthy
A: damage resistance, recharge devices, hooves 2, iridescent scales 1, sense
surroundings 2, slow healing 3
a: Device Recharging, Burn Spellbooks, Berserk, Trog's Hand, Brothers in Arms,
Renounce Religion


You were in a volcano.
You worshipped Trog.
Trog was extremely pleased with you.
You were not hungry.

You visited 2 branches of the dungeon, and saw 14 of its levels.
You also visited: Sewer and Volcano.

You collected 1123 gold pieces.

Inventory:

Hand weapons
 a - the +8 battleaxe of Exyumilo (weapon) {chop, Stlth+}
   (You acquired it on level 11 of the Dungeon)

   It inflicts extra damage upon your enemies.
   It makes you more stealthy.
Missiles
 v - 19 bolts of flame
 z - 27 bolts
Armour
 e - a +0 pair of boots (worn)
 g - a +1 pair of gloves (worn)
 i - a +0 plate armour (worn)
 l - a +0 helmet (worn)
 o - a +2 cloak of poison resistance (worn)
Magical devices
 c - a wand of heal wounds (1)
 m - a wand of paralysis (23)
 E - a wand of flame (28)
Scrolls
 f - 12 scrolls of identify
 k - a scroll of fog
 q - a scroll of teleportation
 u - 5 scrolls of remove curse
 C - a scroll of blinking
 F - a scroll of enchant weapon
Potions
 h - 7 potions of curing
 n - 3 potions of restore abilities
 p - a potion of brilliance
 t - a potion of magic
 B - a potion of mutation
Books
 b - a book of Minor Magic {forbidden}

   Spells                             Type                      Level
   a - Magic Dart                     Conjuration                  1
   b - Blink                          Translocation                2
   c - Call Imp                       Summoning                    2
   d - Repel Missiles                 Charms/Air                   2
   e - Slow                           Hexes                        2
   f - Conjure Flame                  Conjuration/Fire             3
   g - Mephitic Cloud                 Conjuration/Poison/Air       3
   Trog disapproves of the use of such an item.
 x - a Grand Grimoire {forbidden, highlevel, unknown}

   This book is beyond your current level of understanding.

   Spells                             Type                      Level
   a - Aura of Abjuration             Summoning                    6
   b - Summon Greater Demon           Summoning                    7
   c - Malign Gateway                 Summoning/Translocation      7
   d - Summon Horrible Things         Summoning                    8
   Trog disapproves of the use of such an item.
 y - a book of the Dragon {forbidden}

   Spells                             Type                      Level
   a - Flight                         Charms/Air                   3
   b - Cause Fear                     Hexes                        4
   c - Bolt of Fire                   Conjuration/Fire             6
   d - Dragon Form                    Transmutation                7
   e - Dragon's Call                  Summoning                    9
   Trog disapproves of the use of such an item.
 D - a book of Geomancy {forbidden}

   Spells                             Type                      Level
   a - Sandblast                      Earth                        1
   b - Stoneskin                      Transmutation/Earth          2
   c - Passwall                       Transmutation/Earth          3
   d - Stone Arrow                    Conjuration/Earth            3
   e - Petrify                        Transmutation/Earth          4
   f - Lee's Rapid Deconstruction     Earth                        5
   Trog disapproves of the use of such an item.
Comestibles
 d - 5 bread rations
 j - a beef jerky
 r - 3 meat rations
 s - 23 fruits
 w - 7 royal jellies


   Skills:
 + Level 9.7 Fighting
 * Level 15.1 Axes
 + Level 11.2 Armour
 - Level 2.1 Dodging


You had 11 spell levels left.
You didn't know any spells.

Dungeon Overview and Level Annotations

Branches:
Dungeon (11/15)            Temple (0/1) D:5            Lair (3/8) D:10
  Swamp: Lair:3-6    Shoals: Lair:3-6     Snake: Lair:3-6    Spider: Lair:3-6
    Orc: D:9-12

Altars:
Cheibriados
Fedhas
Gozag
Nemelex Xobeh
Ru
Sif Muna
Trog
Vehumet

Shops:
D:6 =   D:10 %

Annotations:
D:7 exclusion: moth of wrath


Innate Abilities, Weirdness & Mutations

You are resistant to damage.
You can recharge devices by infusing magical energy.
You passively map the area around you.
You do not heal naturally.
You have hoof-like feet.
You are partially covered in iridescent scales (AC +4).


Message History

Unknown command.
Unknown command.
Unknown command.
In the distance, the volcano erupts with a roar.
You are engulfed in roaring flames.
Unknown command.
Unknown command.
Unknown command.
Unknown command.
Unknown command.
Unknown command.
Unknown command.
Help; Fight failed Unknown command.
Unknown command.
Unknown command.
Unknown command.
Help; Fight failed; Stuck??? press s You are engulfed in roaring flames.
You die...

.~.~...~....~~~~~~~~~#
,..............## ,*
###...##'##...¤##~ ~ , ,
,## #...##.¤#.###~ * , *
#..)..#.¤#.#\# ~ , ,#
#.....#¤(#.#\# ~ ,
##.##...##¤¤##.## *
##¤¤¤#####¤¤¤#### ~
,,..¤¤¤¤¤¤¤¤g¤¤¤#~~¤~ ,
~~..¤¤¤¤¤¤¤¤¤¤¤¤¤~¤¤¤~~*
~ .~¤¤¤¤¤¤¤¤¤¤¤¤¤¤¤¤¤~ *
~ ~~¤¤¤¤¤¤¤¤¤¤¤¤¤¤¤~~
~~¤¤~¤¤¤¤¤¤¤¤~¤¤¤~~ ~
~~¤¤¤¤¤¤¤¤¤¤~¤¤¤¤~#
¤¤¤¤¤¤#~~~#¤¤~~~ ~
#~~¤#¤#¤#~#~~~ ~~ * *
~~# ~~~~~ ~~ ~ ~


There were no monsters in sight!

Table legend:
 A = Turns spent in this place as a percentage of turns spent in the entire game.
 B = Non-inter-level travel turns spent in this place as a percentage of non-inter-level travel turns spent in the entire game.
 C = Inter-level travel turns spent in this place as a percentage of turns spent in this place.
 D = Turns resting spent in this place as a percentage of non-inter-level travel turns spent in this place.
 E = Turns spent auto-exploring this place as a percentage of non-inter-level travel turns spent in this place.
 F = Non-inter-level travel turns spent in this place divided by the number of levels of this place that you've seen.
                   A       B       C       D       E      F
               +-------+-------+-------+-------+-------+----------------------
         Total | 100.0 | 100.0 |   0.2 |   0.3 |   2.4 | 1774.6
       Dungeon |  69.5 |  69.5 |   0.3 |   0.3 |   2.4 | 1793.5
          Lair |  10.3 |  10.2 |   0.4 |   0.3 |   2.7 | 968.7
         Sewer |  16.2 |  16.2 |   0.0 |   0.0 |   2.1 | 4610.0
       Volcano |   4.0 |   4.0 |   0.0 |   0.9 |   2.3 | 1148.0
               +-------+-------+-------+-------+-------+----------------------

Table legend:
 A = Kills in this place as a percentage of kills in entire the game.
 B = Kills by you in this place as a percentage of kills by you in the entire game.
 C = Kills by friends in this place as a percentage of kills by friends in the entire game.
 D = Other kills in this place as a percentage of other kills in the entire game.
 E = Experience gained in this place as a percentage of experience gained in the entire game.
 F = Experience gained in this place divided by the number of levels of this place that you have seen.
                   A       B       C       D       E      F
               +-------+-------+-------+-------+-------+----------------------
         Total | 100.0 | 100.0 | 100.0 |  -nan | 100.0 | 1563.3
       Dungeon |  83.5 |  83.1 | 100.0 |  -nan |  66.3 | 1508.0
          Lair |  11.9 |  12.1 |   0.0 |  -nan |  26.1 | 2177.0
         Sewer |   2.3 |   2.4 |   0.0 |  -nan |   0.6 | 146.0
       Volcano |   2.3 |   2.4 |   0.0 |  -nan |   7.0 | 1748.0
               +-------+-------+-------+-------+-------+----------------------

Vanquished Creatures
  Gastronok (D:10)
  Harold (Lair:1)
  A necromancer (D:10)
  4 hill giants
  An ugly thing (D:11)
  A black mamba (Lair:1)
  2 spiny frogs
  3 komodo dragons (Lair:2)
  A fire drake (Volcano)
  3 trolls
  A queen bee (D:8)
  3 two-headed ogres (Volcano)
  A basilisk (Lair:1)
  A deep elf mage (D:11)
  Eustachio (D:9)
  A fire bat (Volcano)
  5 hippogriffs
  2 wargs (D:10)
  A hog (Volcano)
  4 hungry ghosts
  5 wolves (Lair:3)
  Edmund (D:7)
  The ghost of merphle the Stinger, an average DEVM (D:3)
  A water moccasin (Lair:1)
  3 porcupines
  5 phantoms
  4 orc warriors
  An eye of draining (D:9)
  2 ice beasts
  A sky beast (D:9)
  A necrophage (D:10)
  3 crocodiles
  5 centaurs
  7 ogres
  Sigmund (D:4)
  2 big kobolds
  5 giant frogs
  2 scorpions
  16 killer bees (D:8)
  A jelly (D:11)
  9 crimson imps
  2 goliath beetles
  4 iguanas
  3 hounds
  Crazy Yiuf (D:7)
  4 orc priests
  8 orc wizards
  2 centaur zombies
  An iron imp (D:9)
  7 worker ants
  5 wolf simulacra (D:10)
  A polar bear simulacrum (D:10)
  7 sheep (Lair:1)
  2 yak simulacra (D:10)
  Jessica (D:2)
  A hound zombie (D:6)
  2 hound skeletons
  2 worker ant zombies
  3 river rats (Sewer)
  6 gnolls (D:7)
  16 adders
  A shadow imp (D:6)
  2 white imps
  4 worms
  2 adder skeletons (D:4)
  5 giant geckos
  An ooze (D:2)
  29 orcs
  3 ball pythons
  18 bats
  4 giant cockroaches
  8 goblins
  9 hobgoblins
  28 kobolds
  7 quokkas
  5 giant newts
  A jackal (Sewer)
  A quokka skeleton (D:4)
  20 rats
  3 river rat simulacra (D:10)
  9 ballistomycetes
  A fungus (Lair:2)
353 creatures vanquished.

Vanquished Creatures (collateral kills)
  An ogre mage (D:11)
  3 ogres (D:11)
  A centaur (D:8)
  A killer bee (D:8)
  A worker ant (D:10)
7 creatures vanquished.

Vanquished Creatures (others)
  An ogre (D:8)
  3 giant spores
4 creatures vanquished.

Grand Total: 364 creatures vanquished

Notes
Turn   | Place    | Note
--------------------------------------------------------------
     0 | D:1      | gw, the Deep Dwarf Berserker, began the quest for the Orb.
     0 | D:1      | Reached XP level 1. HP: 20/20 MP: 1/1
   145 | D:1      | Reached XP level 2. HP: 20/27 MP: 2/2
   197 | D:1      | Acquired Trog's second power
   621 | D:2      | Noticed Jessica
   623 | D:2      | Killed Jessica
   623 | D:2      | Reached skill level 4 in Axes
   623 | D:2      | Reached XP level 3. HP: 34/34 MP: 3/3
   962 | D:2      | Reached XP level 4. HP: 38/42 MP: 4/4
  1597 | D:3      | Found a snail-covered altar of Cheibriados.
  1719 | D:3      | Reached XP level 5. HP: 43/49 MP: 5/5
  1764 | D:3      | Found a glowing drain.
  1768 | Sewer    | Entered a sewer
  1777 | Sewer    | Reached skill level 5 in Axes
  1949 | Sewer    | Found a glowing silver altar of Zin.
  2219 | D:3      | Reached XP level 6. HP: 39/57 MP: 6/6
  2317 | D:3      | Noticed merphle's ghost (average DEVM)
  2321 | D:3      | Killed merphle's ghost
  2321 | D:3      | Reached skill level 6 in Axes
  2557 | D:3      | Acquired Trog's third power
  2661 | D:4      | Found a deep blue altar of Sif Muna.
  2763 | D:4      | Found an opulent altar of Gozag.
  2784 | D:4      | Reached XP level 7. HP: 44/66 MP: 7/7
  2893 | D:4      | Noticed Sigmund
  2942 | D:4      | Killed Sigmund
  3333 | D:4      | Reached skill level 7 in Axes
  3336 | D:4      | Reached skill level 5 in Armour
  3394 | D:5      | Entered Level 5 of the Dungeon
  3449 | D:5      | Found a sparkling altar of Nemelex Xobeh.
  3510 | D:5      | Found a staircase to the Ecumenical Temple.
  3852 | D:6      | Found a blossoming altar of Fedhas.
  3977 | D:6      | Reached skill level 5 in Fighting
  4041 | D:6      | Reached XP level 8. HP: 57/74 MP: 7/7
  4161 | D:6      | Found Kuwku's Jewellery Boutique.
  4199 | D:6      | Reached skill level 8 in Axes
  4412 | D:7      | Noticed Edmund
  4421 | D:7      | Killed Edmund
  4477 | D:7      | Reached skill level 9 in Axes
  4883 | D:7      | Noticed a moth of wrath
  4886 | D:7      | Found a bloodstained altar of Trog.
  4994 | D:7      | Noticed Crazy Yiuf
  5003 | D:7      | Killed Crazy Yiuf
  5615 | D:8      | Gained mutation: You passively map the area around you. [level up]
  5615 | D:8      | Reached XP level 9. HP: 70/82 MP: 7/7
  5628 | D:8      | Reached skill level 10 in Axes
  5643 | D:8      | Noticed a queen bee
  5679 | D:8      | Killed a queen bee
  5871 | D:8      | Reached skill level 11 in Axes
  5994 | D:8      | Found a sacrificial altar of Ru.
  6120 | D:8      | Received a gift from Trog
  6271 | D:9      | Reached XP level 10. HP: 83/94 MP: 6/6
  6355 | D:9      | Noticed Eustachio
  6372 | D:9      | Killed Eustachio
  6599 | D:9      | Found a radiant altar of Vehumet.
  6612 | D:9      | Reached skill level 12 in Axes
  6786 | D:10     | Entered Level 10 of the Dungeon
  6813 | D:10     | Noticed a hill giant
  6818 | D:10     | Killed a hill giant
  6829 | D:10     | Noticed a hill giant
  6961 | D:10     | Noticed Gastronok
  6978 | D:10     | Killed Gastronok
  7232 | D:10     | Reached skill level 13 in Axes
  7294 | D:10     | Killed a hill giant
  7314 | D:10     | Reached XP level 11. HP: 65/103 MP: 7/7
  7430 | D:10     | Found a staircase to the Lair.
  7642 | D:10     | Noticed a necromancer
  7649 | D:10     | Killed a necromancer
  7818 | D:10     | Found Cliast's Food Emporium.
  8136 | D:11     | Reached skill level 10 in Armour
  8549 | D:11     | Noticed a hill giant
  8569 | D:11     | Killed a hill giant
  8629 | D:11     | Received a gift from Trog
  8711 | D:11     | Identified a scroll of acquirement
  8712 | D:11     | Got a bloodstained battleaxe
  8713 | D:11     | Identified the +8 battleaxe of Exyumilo {chop, Stlth+} (You acquired it on level 11 of the Dungeon)
  8762 | D:11     | Noticed an ogre mage
  8768 | D:11     | Killed an ogre mage
  8837 | D:10     | Noticed a hill giant
  8843 | D:10     | Killed a hill giant
  8843 | D:10     | Reached skill level 14 in Axes
  9022 | Lair:1   | Entered Level 1 of the Lair of Beasts
  9375 | Lair:1   | Noticed Harold
  9388 | Lair:1   | Killed Harold
  9904 | Lair:1   | Gained mutation: You have large cloven feet. [potion of mutation]
  9904 | Lair:1   | Gained mutation: You are partially covered in iridescent scales (AC +4). [potion of mutation]
  9904 | Lair:1   | Gained mutation: You have hoof-like feet. [potion of mutation]
 10000 | Lair:2   | Received a gift from Trog
 10001 | Lair:2   | Got a transparent executioner's axe {god gift}
 10002 | Lair:2   | Identified the +6 executioner's axe of the Lonely Ships {chop, rElec SInv} (Trog gifted it to you on level 2 of the Lair of Beasts)
 10257 | Lair:2   | Reached XP level 12. HP: 66/115 MP: 5/5
 10699 | Lair:3   | Found a dark tunnel.
 10733 | Volcano  | Entered a volcano
 10757 | Volcano  | Reached skill level 15 in Axes
 10911 | Volcano  | Engulfed by a cloud of flame

Action                   |  1- 3 |  4- 6 |  7- 9 | 10-12 || total
-------------------------+-------+-------+-------+-------++-------
Melee: Hand axe          |    84 |   108 |       |       ||   192
       War axe           |       |    28 |   336 |   254 ||   618
       Battleaxe         |       |       |       |    91 ||    91
Invok: Berserk           |     1 |     1 |     5 |    10 ||    17
       Trog's Hand       |       |       |     5 |     7 ||    12
       Brothers in Arms  |       |       |     3 |     2 ||     5
 Abil: Device Recharging |       |       |     4 |     3 ||     7
Evoke: Wand              |       |     2 |    17 |    17 ||    36
  Use: Scroll            |     4 |     5 |    11 |     7 ||    27
       Potion            |     4 |     5 |     7 |     4 ||    20
  Eat: Chunk             |     1 |     8 |    15 |    25 ||    49
       Bread ration      |       |       |     1 |     1 ||     2

Vault maps used:
D:1:      lordsloth_arrival_two_stooges
D:2:      first_bread, uniq_jessica
D:3:      nicolae_overflow_crystal_walls, gup_sewer_entry_bowl
D:4:      tgw_sif, grunt_gozag_breadcrumbs, uniq_sigmund
D:5:      nemelex_xobeh_ov_fountains_minmay, minmay_temple_entry_grid,
          serial_bayou_pond_a
D:6:      fedhas_altar_3, serial_shops, kennysheep_little_box
D:7:      minmay_gold_behind_fungi, tgw_trog, uniq_edmund,
          uniq_crazy_yiuf_cottage
D:8:      nicolae_ru_sacrificial_ziggurat, david_nohive_1, minmay_nine_imps
D:9:      vehumet_altar_wand_db, uniq_eustachio
D:10:     erik_lair_orcish_takeover, serial_shops, kennysheep_mini,
          eino_house_with_fridge, uniq_gastronok
Lair:1:   infiniplex_staircase_pool, uniq_harold
Lair:2:   lemuel_fruit_tree
Lair:3:   enter_volcano_1, uniq_snorg
Sewer:    sewer_kobolds
Volcano:  volcano_village
